 Dungeon Crawl Stone Soup version 0.29-a0-330-g52719c12eb (webtiles) character file.

Game seed: 7792853923730830998

571 Gwenloh the Bolt Thrower (level 7, -2/36 HPs)
             Began as a Vine Stalker Arcane Marksman on Apr 21, 2022.
             Was an Initiate of Hepliaklqana.
             Slain by a black bear (9 damage)
             ... on level 5 of the Dungeon.
             The game lasted 00:16:18 (4766 turns).

Gwenloh the Bolt Thrower (VSAM)                     Turns: 4766, Time: 00:16:19

Health: -2/36      AC:  5    Str: 13    XL:     7   Next: 34%
Magic:  0/13       EV: 12    Int: 15    God:    Hepliaklqana [......]
Gold:   209        SH:  0    Dex: 14    Spells: 6/13 levels left

rFire   . . .      SeeInvis .   a - +0 hand crossbow
rCold   + . .      Faith    .   (no shield)
rNeg    . . .      Spirit   +   y - +0 robe
rPois   .          Reflect  .   h - +0 helmet
rElec   .          Harm     .   (no cloak)
rCorr   +          Rampage  .   (no gloves)
Will    .....                   e - +1 pair of boots
Stlth   +.........              (no amulet)
HPRegen 0.92/turn               i - ring of resist corrosion
MPRegen 0.13/turn               u - ring of protection from cold

@: no status effects
A: fangs 2, regeneration 1, magic shield, antimagic bite, no potion heal 2
a: Renounce Religion


You were on level 5 of the Dungeon.
You worshipped Hepliaklqana.
Hepliaklqana was noncommittal.
You visited 2 branches of the dungeon, and saw 6 of its levels.

You collected 209 gold pieces.

Inventory:

Hand Weapons
 a - a +0 hand crossbow (weapon)
 b - a +0 whip of venom
 f - a +0 dagger
Armour
 e - a +1 pair of boots (worn)
 h - a +0 helmet (worn)
 y - a +0 robe (worn)
Jewellery
 i - a ring of resist corrosion (left hand)
 u - a ring of protection from cold (right hand)
Wands
 v - a wand of acid (5)
 w - a wand of iceblast (5)
 z - a wand of polymorph (12)
 A - a wand of mindburst (10)
Scrolls
 c - 2 scrolls of vulnerability
 d - 3 scrolls of amnesia
 l - a scroll of blinking
 m - a scroll of enchant weapon
 o - 3 scrolls of teleportation
 p - a scroll of enchant armour
 x - a scroll of fear {unknown}
 B - a scroll of summoning {unknown}
Potions
 j - a potion of mutation {unknown}
 k - a potion of flight {unknown}
 n - a potion of lignification {unknown}
 q - a potion of resistance {unknown}
 r - a potion of invisibility {unknown}
 s - a potion of heal wounds {unknown}
 t - a potion of curing {unknown}


   Skills:
 + Level 3.0 Fighting
 * Level 4.6 Crossbows
 - Level 1.5 Dodging
 + Level 3.5 Spellcasting
 + Level 4.5 Hexes


You had 6 spell levels left.
You knew the following spells:

 Your Spells              Type           Power      Damage    Failure   Level
a - Slow                  Hex            64%        N/A       3%          1
b - Inner Flame           Hex/Fire       9%         N/A       22%         3
c - Portal Projectile     Hex/Tloc       18%        N/A       22%         3

Your spell library contained the following spells:

 Spells                   Type           Power      Damage    Failure   Level
 Confusing Touch          Hex            16%        N/A       9%          3
 Animate Skeleton         Necr           4%         N/A       19%         1
 Apportation              Tloc           4%         N/A       19%         1
 Pain                     Necr           8%         1d4       19%         1
 Summon Small Mammal      Summ           8%         N/A       19%         1
 Cause Fear               Hex            8%         N/A       30%         4
 Vampiric Draining        Necr           2%         2d6       50%         3
 Agony                    Necr           2%         N/A       99%         5
 Alistair's Intoxication  Tmut/Pois      1%         N/A       99%         5
 Excruciating Wounds      Necr           1%         N/A       99%         5


Dungeon Overview and Level Annotations

Branches:
Dungeon (5/15)             Temple (1/1) D:4

Altars:
Cheibriados
Dithmenos
Fedhas
Gozag
Hepliaklqana
Kikubaaqudgha
Makhleb
Nemelex Xobeh
Okawaru
Qazlal
Ru
Sif Muna
Trog
Uskayaw
Vehumet
Wu Jian
Xom
Yredelemnul
Zin
The Shining One

Annotations:
D:3 3 runed translucent doors, kae's ghost, amateur DEFE


Innate Abilities, Weirdness & Mutations

You have extremely sharp teeth.
Your natural rate of healing is unusually fast.
When hurt, damage is shared between your health and your magic reserves.
Your bite disrupts and absorbs the magic of your enemies.
Potions cannot restore your health.


Message History

You shoot a bolt. The bolt hits the black bear.
The black bear is severely wounded.
You shoot a bolt. The bolt closely misses the black bear.
The black bear is no longer moving slowly.
You shoot a bolt. The bolt hits the black bear.
The black bear is almost dead.
The black bear bites you.
The black bear claws you but does no damage.
The black bear barely misses you.
You shoot a bolt. The bolt hits the black bear.
The black bear is almost dead.
The black bear goes berserk!
The black bear barely misses you.
The black bear claws you but does no damage.
The black bear claws you.
The black bear attacks as you move away!
The black bear barely misses you. The black bear claws you. x2
The black bear bites you. The black bear barely misses you.
The black bear claws you but does no damage.
The black bear attacks as you move away!
The black bear bites you. The black bear claws you.
The black bear closely misses you. The black bear bites you.
The black bear claws you. The black bear misses you.
The black bear attacks as you move away!
The black bear bites you! The black bear claws you.
* * * LOW HITPOINT WARNING * * *
The black bear closely misses you.
Casting: Slow (safe; 3% risk of failure)
Confirm with . or Enter, or press ? or * to list all spells.
Aiming: Slow (safe; 3% risk of failure)
Press: ? - help, Shift-Dir - straight line, f/p - black bear
Aim: a black bear (almost dead, berserk, chance to affect: 55%)
The black bear resists with significant effort.
The black bear bites you.
* * * LOW HITPOINT WARNING * * *
The black bear claws you.
* * * LOW HITPOINT WARNING * * *
The black bear claws you but does no damage.
The black bear bites you!
You die...

.... +..#####.#####..##.##+###...
.....##..............##......#.#.
#.......##.#...#......#.#.#.#.
####.#####.#...#..#.#.#.#.#.#.
#######.......#...#[.#...........
#.......#####.#...+..........#.#.
#.......#####.#...#.....#..###.#.
#.............#####.........##.#.
#......######...@h...............
.......# ########..#..........
.......# ####..#.#....####
.......# ####.....#.##...# #
....##########....##.##.##...# #
....###.....##....##.##........ .
....##......##....##........#.#.#
....##..###.##....####.####.#...#
....##..###.##....# #..<...#


You could see a black bear (berserk).

Vanquished Creatures
  A phantom (D:4)
  A scorpion (D:4)
  A hound (D:4)
  2 orc priests
  3 iguanas
  Natasha (twice) (D:3 D:2)
  2 orc wizards (D:5)
  A gnoll (D:3)
  4 adders
  2 worms
  4 dart slugs
  13 orcs
  7 ball pythons
  6 bats
  10 endoplasms
  3 giant cockroaches
  5 goblins
  10 hobgoblins
  3 jackals (D:1)
  8 kobolds
  5 quokkas
  4 frilled lizards
  5 rats
102 creatures vanquished.

Notes
Turn   | Place    | Note
-------+----------+-------------------------------------------
     0 | D:1      | Gwenloh the Vine Stalker Arcane Marksman began the quest
                  | for the Orb.
     0 | D:1      | Reached XP level 1. HP: 9/9 MP: 3/3
    23 | D:1      | Reached skill level 1 in Fighting
    46 | D:1      | Reached XP level 2. HP: 14/14 MP: 4/4
   363 | D:1      | Reached XP level 3. HP: 18/18 MP: 6/6
  1258 | D:2      | Gained mutation: Your natural rate of healing is unusually
                  | fast. [Vine Stalker growth]
  1258 | D:2      | Reached XP level 4. HP: 22/22 MP: 7/7
  1623 | D:3      | Found a runed translucent gate.
  1624 | D:3      | Found a runed translucent gate.
  1626 | D:3      | Found a runed translucent gate.
  1629 | D:3      | Noticed kae's ghost (amateur DEFE)
  1643 | D:3      | Identified the +4 scale mail "Ycorchaqy" {Str+4}
  2072 | D:3      | Noticed Natasha
  2081 | D:3      | Killed Natasha
  2099 | D:3      | Noticed Natasha
  2158 | D:2      | HP: 1/23 [Natasha (3)]
  2163 | D:2      | Killed Natasha
  2164 | D:2      | Reached XP level 5. HP: 4/26 MP: 1/9
  2970 | D:3      | Learned a level 3 spell: Inner Flame
  2974 | D:3      | Learned a level 3 spell: Portal Projectile
  3033 | D:4      | Found a staircase to the Ecumenical Temple.
  3383 | D:4      | Reached XP level 6. HP: 30/30 MP: 9/11
  3689 | Temple   | Entered the Ecumenical Temple
  4012 | Temple   | Became a worshipper of Hepliaklqana the Forgotten
  4355 | D:5      | Entered Level 5 of the Dungeon
  4515 | D:5      | Reached XP level 7. HP: 31/35 MP: 9/12
  4766 | D:5      | Slain by a black bear

Illustrated notes

Levels and vault maps discovered:
D:1:      enne_arrival_octagon_isle, layout_rooms, minmay_quantized
D:2:      layout_basic
D:3:      minmay_chambers_of_threes, layout_basic, gammafunk_ghost_split,
          uniq_natasha
D:4:      layout_gridville, minmay_temple_entry_junction, chequers_garden
D:5:      layout_basic, marbit_many_paths
Temple:   mainiacjoe_temple_cubbyholes

Skill      XL: |  1  2  3  4  5  6  7 |
---------------+----------------------+-----
Fighting       | 1 2 3 |  3.0
Crossbows      | 2 3 4 |  4.6
Spellcasting   | 2 3 |  3.5
Hexes          | 4 |  4.5
Dodging        | |  1.5

Action                   |  1- 3 |  4- 6 |  7- 9 || total
-------------------------+-------+-------+-------++-------
Melee: Dagger            |       |     6 |       ||     6
       Bite              |       |     3 |       ||     3
       Unarmed           |       |     8 |       ||     8
 Fire: Hand crossbow     |   102 |   239 |    40 ||   381
 Cast: Slow              |     2 |    26 |     5 ||    33
Evoke: Wand              |       |     3 |     3 ||     6
  Use: Scroll            |       |     1 |     4 ||     5
 Stab: Confused          |       |     1 |       ||     1
Armor: Robe              |    12 |    44 |    16 ||    72
Dodge: Dodged            |    32 |   123 |    21 ||   176

Table legend: (Time is in decaauts)
 A = Elapsed time spent in this place.
 B = Non-inter-level travel time spent in this place.
 C = Inter-level travel time spent in this place.
 D = Time resting spent in this place.
 E = Time spent auto-exploring this place.
 F = Levels seen in this place.
 G = Mean time per level.
                   A        B        C        D        E       F      G
               +--------+--------+--------+--------+--------+-----+--------+
         Total |   4898 |   4674 |    224 |     91 |   3303 |   6 |  816.3 |
       Dungeon |   4545 |   4350 |    195 |     91 |   3017 |   5 |  909.0 |
        Temple |    353 |    324 |     29 |      0 |    286 |   1 |  353.0 |
               +--------+--------+--------+--------+--------+-----+--------+

Top non-repeatable levels by time:
     D:3: 1412 daAuts
     D:2: 1039 daAuts
     D:4: 1001 daAuts
     D:1: 727 daAuts
     D:5: 364 daAuts
  Temple: 353 daAuts
